 Dungeon Crawl Stone Soup version 0.29.0-11-gd7f09526c8 (webtiles) character file.

Game seed: 10834047565609106279

181 Ordine the Trooper (level 5, -6/33 HPs)
             Began as a Gargoyle Fighter on Sept 6, 2022.
             Mangled by an ogre
             ... wielding a +0 giant club
              (21 damage)
             ... on level 4 of the Dungeon.
             The game lasted 00:04:35 (2639 turns).

Ordine the Trooper (Gargoyle Fighter)               Turns: 2639, Time: 00:04:36

Health: -6/33      AC: 13    Str: 21    XL:     5   Next: 61%
Magic:  5/5        EV:  9    Int:  9    God:
Gold:   227        SH:  4    Dex:  9    Spells: 4/4 levels left

rFire   . . .      SeeInvis .   a - +0 flail
rCold   . . .      Faith    .   c - +0 buckler
rNeg    + . .      Spirit   .   b - +0 scale mail
rPois   ∞          Reflect  .   (no helmet)
rElec   +          Harm     .   (no cloak)
rCorr   .          Rampage  .   e - +0 pair of gloves {hurl}
Will    .....                   p - +0 pair of boots
Stlth   ..........              (no amulet)
HPRegen 0.11/turn               (no ring)
MPRegen 0.09/turn               (no ring)

@: no status effects
A: sickness immunity, AC +4, negative energy resistance 1, electricity
resistance, torment resistance 1, petrification resistance
a: no special abilities


You were on level 4 of the Dungeon.
You visited 1 branch of the dungeon, and saw 4 of its levels.

You collected 227 gold pieces.

Inventory:

Hand Weapons
 a - a +0 flail (weapon)
Missiles
 l - 3 atropa-tipped darts (quivered)
 m - 3 boomerangs
Armour
 b - a +0 scale mail (worn)
 c - a +0 buckler (worn)
 e - a +0 pair of gloves of hurling (worn)
 p - a +0 pair of boots (worn)
Wands
 q - a wand of mindburst (7)
Scrolls
 f - 2 scrolls of fear {unknown}
 h - a scroll of teleportation {unknown}
 k - a scroll of identify {unknown}
 o - a scroll of amnesia {unknown}
Potions
 d - 2 potions of might
 i - 4 potions of curing {unknown}
 n - a potion of brilliance {unknown}


   Skills:
 + Level 4.2 Fighting
 * Level 3.9 Maces & Flails
 + Level 1.9 Throwing
 - Level 3.2 Armour
 - Level 4.0 Shields


You had 4 spell levels left.
You didn't know any spells.
Your spell library was empty.

Dungeon Overview and Level Annotations

Branches:
Dungeon (4/15)
 Temple: D:4-7

Altars:


Innate Abilities, Weirdness & Mutations

You are immune to sickness and miasma.
Your stone body is resilient. (AC +4)
You are immune to poison.
You resist negative energy. (rN+)
You are resistant to electric shocks. (rElec)
You are resistant to unholy torment.
You are immune to petrification.


Message History

Found a leather armour.
A hobgoblin comes into view.
The hobgoblin shouts!
The hobgoblin barely misses you.
You hit the hobgoblin.
You kill the hobgoblin!
No target in view!
No target in view!
An ogre comes into view. It is wielding a +0 giant club.
You throw a poisoned dart. The poisoned dart hits the ogre.
The ogre is poisoned.
You throw a poisoned dart.
The poisoned dart barely misses the ogre.
You throw a poisoned dart. The poisoned dart hits the ogre.
The ogre looks even sicker.
You throw a poisoned dart.
The poisoned dart barely misses the ogre.
You throw a poisoned dart. The poisoned dart hits the ogre.
The ogre looks even sicker.
The ogre is lightly wounded.
You hit the ogre.
The ogre is lightly wounded.
The ogre hits you with a +0 giant club!
Ouch! That really hurt!
You are too injured to fight recklessly!
You are too injured to fight recklessly!
You are too injured to fight recklessly!
The ogre attacks as you move away! The ogre barely misses you.
You open the door.
There is an open door here.
The ogre attacks as you move away! The ogre hits you with a +0 giant club.
The ogre looks more healthy.
You completely miss the ogre.
The ogre is heavily wounded.
The ogre closely misses you.
You hit the ogre.
The ogre is severely wounded.
The ogre hits you with a +0 giant club!!
Ouch! That really hurt!
You die...

..# #.# #.# #.#
####### ########.#
####### ......#
#.....##.# #.....#
#####.#
#.....##.###.....# #
#.###.###...@[.......#
# ###.##.##
##.#O###.....# #
#......# #....##.....#
# #.#.##.##
##.....###.### #
#.#.###.###.#...## #.#
###.#.# ##...###.##
#.###### ......# #####
#.# #......#
###.###### #.#
######.# #......#
##'## #.#


You could see an ogre.

Vanquished Creatures
  A hound (D:3)
  An orc priest (D:3)
  Jessica (D:3)
  An iguana (D:4)
  2 adders (D:3)
  A worm (D:2)
  2 dart slugs
  2 orcs (D:3)
  3 bats
  8 endoplasms
  4 goblins
  4 hobgoblins
  A kobold (D:3)
  A quokka (D:3)
  7 ball pythons
  8 rats
47 creatures vanquished.

Vanquished Creatures (others)
  5 fungi (D:4)
5 creatures vanquished.

Grand Total: 52 creatures vanquished

Notes
Turn   | Place    | Note
-------+----------+-------------------------------------------
     0 | D:1      | Ordine the Gargoyle Fighter began the quest for the Orb.
     0 | D:1      | Reached XP level 1. HP: 14/14 MP: 1/1
   368 | D:1      | Reached XP level 2. HP: 19/19 MP: 2/2
   462 | D:1      | Noticed a golden eye
   465 | D:1      | Noticed an eye of devastation
   497 | D:1      | Found a faded altar of an unknown god.
   498 | D:1      | Noticed an eye of devastation
   498 | D:1      | Noticed an eye of devastation
   829 | D:2      | Reached XP level 3. HP: 11/23 MP: 3/3
  1668 | D:3      | Reached skill level 1 in Throwing
  1762 | D:3      | Noticed Jessica
  1770 | D:3      | Killed Jessica
  1771 | D:3      | Reached XP level 4. HP: 25/29 MP: 4/4
  2079 | D:3      | Reached XP level 5. HP: 22/33 MP: 5/5
  2615 | D:4      | Noticed an ogre
  2639 | D:4      | Mangled by an ogre

Illustrated notes

Levels and vault maps discovered:
D:1:      evilmike_arrival_plus, layout_rooms,
          hellmonk_ecumenical_altar_watching_god, minmay_misc_feat_more_columns
D:2:      layout_loops_ring
D:3:      layout_basic, uniq_jessica
D:4:      layout_loops_corners, serial_aquarium, aquarium_bridge_square
          [aquarium_subvault_wall, aquarium_subvault_window,
          aquarium_subvault_bridge, aquarium_subvault_window],
          aquarium_window_1, aquarium_window_fake, aquarium_view_2c, uniq_robin

Skill      XL: |  1  2  3  4  5 |
---------------+----------------+-----
Throwing       | 1 |  1.9
Maces & Flails | 3 |  3.9
Shields        | 4 |  4.0
Fighting       | 4 |  4.2
Armour         | |  3.2

Action                   |  1- 3 |  4- 6 || total
-------------------------+-------+-------++-------
Melee: Flail             |    83 |    36 ||   119
Throw: Stone             |    19 |    11 ||    30
       Dart              |       |     6 ||     6
Armor: Scale mail        |    38 |    18 ||    56
Dodge: Dodged            |    36 |    21 ||    57
Block: Buckler           |    15 |     6 ||    21
